AoeStats
← Erickinio

Arabia

503525323Analyzed
1v1 RM · 1mo ago on Sep 1, 2026· 24m 58s· 2 players
Game mode
Random Map
Map size
Tiny (2 player)
Population
200
Speed
Normal
Resources
Standard
Victory
Conquest
Starting age
Dark Age
Ending age
Imperial Age
RankedLock teamsTeams togetherTeam positionsShared explorationLock speedFull tech treeHidden civsTurbo modeCheats
Victory
Defeat
🇦🇷 Goths · Argentina
868
+14
🇦🇷 Celts · Argentina
831
-14
Erickinio
3:32 Loom
11:05 Feudal Age
23:13 Double-Bit Axe
CANSERBERO
0:25 Loom
8:59 Feudal Age
9:40 Double-Bit Axe
9:31 Man-at-Arms
14:29 Wheelbarrow
17:19 Scale Mail Armor
17:30 Forging
20:51 Fletching
21:01 Padded Archer Armor
22:44 Gold Mining
26:12 Castle Age
Connection lost

Rejoining the realm…

Still unreachable

The connection could not be restored.

Session expired

The server has moved on; the page needs a fresh start.